 Dungeon Crawl Stone Soup version 0.29.1-15-g9cfb28693d (webtiles) character file.

Game seed: 7484889912494579801

12760 BlackCrag the Thaumaturge (level 11, -1/54 HPs)
             Began as a Deep Elf Earth Elementalist on Mar 9, 2023.
             Was an Elder of Sif Muna.
             Slain by a boulder beetle (24 damage)
             ... on level 11 of the Dungeon.
             The game lasted 01:20:11 (15817 turns).

BlackCrag the Thaumaturge (DEEE)                   Turns: 15817, Time: 01:20:12

Health: -1/54      AC:  4    Str:  5    XL:     11   Next: 66%
Magic:  4/31       EV: 12    Int: 25    God:    Sif Muna [****..]
Gold:   750        SH:  0    Dex: 15    Spells: 25/38 levels left

rFire   + . .      SeeInvis .   K - staff of earth
rCold   . . .      Faith    .   (no shield)
rNeg    . . .      Spirit   .   w - +1 robe {rF+}
rPois   +          Reflect  .   (no helmet)
rElec   .          Harm     .   y - scarf {+Inv}
rCorr   .          Rampage  .   (no gloves)
Will    ++...                   a - +0 pair of boots
Stlth   +++.......              (no amulet)
HPRegen 0.18/turn               x - ring of poison resistance
MPRegen 0.22/turn               h - ring of willpower

@: no status effects
A: no striking features
a: Renounce Religion, Evoke Invisibility, Channel Magic, Forget Spell, Divine
Exegesis


You were on level 11 of the Dungeon.
You worshipped Sif Muna.
Sif Muna was greatly pleased with you.
You visited 2 branches of the dungeon, and saw 12 of its levels.
You also visited: Bailey.

You collected 750 gold pieces.

Inventory:

Hand Weapons
 s - a +2 vampiric dagger
Missiles
 A - a throwing net
Armour
 a - a +0 pair of boots (worn)
 w - a +1 robe of fire resistance (worn)
 y - a scarf of invisibility (worn)
Magical Staves
 u - a staff of cold
 C - a staff of air
 K - a staff of earth (weapon)
Jewellery
 g - a +4 ring of slaying
 h - a ring of willpower (right hand)
 x - a ring of poison resistance (left hand)
 E - a ring of willpower
 L - a ring of wizardry
Wands
 D - a wand of acid (2)
 H - a wand of mindburst (16)
Scrolls
 c - 3 scrolls of fear
 d - 2 scrolls of enchant armour {unknown}
 i - 2 scrolls of noise {unknown}
 j - 4 scrolls of immolation
 k - 2 scrolls of butterflies
 l - 2 scrolls of teleportation
 q - 2 scrolls of torment {unknown}
 r - a scroll of amnesia
 v - 6 scrolls of poison
 z - a scroll of vulnerability
 B - 3 scrolls of enchant weapon
 J - a scroll of brand weapon
Potions
 b - a potion of magic
 e - 2 potions of flight {unknown}
 f - 2 potions of curing
 m - 4 potions of invisibility {unknown}
 n - 2 potions of might {unknown}
 o - a potion of heal wounds {unknown}
 p - 19 potions of degeneration
 t - 2 potions of lignification {unknown}
 F - a potion of brilliance {unknown}
 G - a potion of haste {unknown}
 I - a potion of attraction {unknown}


   Skills:
 + Level 2.6 Dodging
 + Level 4.5 Stealth
 + Level 14.3 Spellcasting
 * Level 9.5 Conjurations
 + Level 3.8 Transmutations
 + Level 1.3 Air Magic
 * Level 13.0 Earth Magic
 * Level 1.2 Invocations
 + Level 0.1 Evocations


You had 25 spell levels left.
You knew the following spells:

 Your Spells              Type           Power      Damage    Failure   Level
a - Sandblast             Erth           100%       2d20      0%          1
b - Passwall              Tmut/Erth      61%        N/A       1%          2
c - Stone Arrow           Conj/Erth      100%       3d13      1%          3
d - Petrify               Tmut/Erth      74%        N/A       1%          4
e - Swiftness             Air            24%        N/A       5%          3

Your spell library contained the following spells:

 Spells                   Type           Power      Damage    Failure   Level
 Ensorcelled Hibernation  Hex/Ice        34%        N/A       4%          2
 Confusing Touch          Hex            17%        N/A       10%         3
 Tukima's Dance           Hex            17%        N/A       10%         3
 Lightning Bolt           Conj/Air       22%        1d38      10%         5
 Airstrike                Air            12%        2d(2-18)  19%         4
 Summon Lightning Spire   Summ/Air       21%        N/A       24%         4
 Anguish                  Hex/Necr       8%         N/A       30%         4
 Passage of Golubria      Tloc           17%        N/A       30%         4
 Yara's Violent Unravell  Hex/Tmut       13%        3d7       36%         5
 Enfeeble                 Hex            8%         N/A       100%        7


Dungeon Overview and Level Annotations

Branches:
Dungeon (11/15)            Temple (1/1) D:4          Bailey (visited)
   Lair: D:8-11         Orc: D:9-12

Altars:
Ashenzari
Cheibriados
Dithmenos
Elyvilon
Fedhas
Gozag
Hepliaklqana
Kikubaaqudgha
Makhleb
Nemelex Xobeh
Okawaru
Qazlal
Ru
Sif Muna
Trog
Uskayaw
Vehumet
Wu Jian
Xom
Yredelemnul
Zin
The Shining One

Shops:
D:7 *   D:11 *


Message History

The boulder beetle is lightly wounded.
Aiming: Stone Arrow (safe; 1% risk of failure)
Press: ? - help, Q - select action, (/) - cycle Shift-Dir - straight line, f/p - boulder beetle
Aim: a boulder beetle (lightly wounded, petrified, 100% to hit)
You feel a surge of power!
The stone arrow hits the boulder beetle!!
The boulder beetle is moderately wounded.
Aiming: Stone Arrow (safe; 1% risk of failure)
Press: ? - help, Q - select action, (/) - cycle Shift-Dir - straight line, f/p - boulder beetle
Aim: a boulder beetle (moderately wounded, petrified, 100% to hit)
You feel a surge of power!
The stone arrow hits the boulder beetle!
The boulder beetle is moderately wounded.
Aiming: Stone Arrow (safe; 1% risk of failure)
Press: ? - help, Q - select action, (/) - cycle Shift-Dir - straight line, f/p - boulder beetle
Aim: a boulder beetle (moderately wounded, petrified, 100% to hit)
You feel a surge of power!
The stone arrow hits the boulder beetle but does no damage.
The boulder beetle is moderately wounded.
The boulder beetle is no longer petrified.
The boulder beetle curls into a ball and begins rolling!
The boulder beetle attacks as you move away!
The boulder beetle hits you!
The boulder beetle stops rolling and uncurls.
There is a stone staircase leading up here.
Aiming: Stone Arrow (safe; 1% risk of failure)
Press: ? - help, Q - select action, (/) - cycle Shift-Dir - straight line, f/p - boulder beetle
Aim: a boulder beetle (moderately wounded, 100% to hit)
You feel a surge of power!
The stone arrow hits the boulder beetle!
The boulder beetle is heavily wounded.
The boulder beetle bites you!!
Aiming: Stone Arrow (safe; 1% risk of failure)
Press: ? - help, Q - select action, (/) - cycle Shift-Dir - straight line, f/p - boulder beetle
Aim: a boulder beetle (heavily wounded, 100% to hit)
You feel a surge of power!
The stone arrow hits the boulder beetle!
The boulder beetle is severely wounded.
The boulder beetle bites you!!
You die...

#.........###.###.#
#.........#§...§#.#
##........#§...§#.#
##........#§.∩.§#.#
#.........#§...§#.#
#########.........#§§.§§#.#
..................#######.#
########...........(.......
##.B@........#.##....
####..#........##.......
#.)..###......#####..... (.
##.############# #.....
...# ##.○####...... ......
.....###..###...# ##....>
#.....####.### #.....
####...[##.# ##
####.##....#### ..#


You could see a boulder beetle.

Vanquished Creatures
  4 two-headed ogres
  An orc sorcerer (Bailey)
  2 cyclopes (D:11)
  A kobold demonologist (Bailey)
  A komodo dragon (D:10)
  3 trolls
  A hornet (D:8)
  Prince Ribbit (D:5)
  2 wyverns
  2 steam dragons
  8 yaks (D:10)
  A wraith (D:9)
  An acid dragon (D:9)
  3 sky beasts
  A black bear (D:7)
  12 orc warriors
  2 ogres
  4 centaurs
  5 kobold brigands
  6 bullfrogs
  2 necrophages
  3 gnoll sergeants
  4 scorpions
  9 wights
  6 killer bees (D:8)
  4 electric eels
  A lava snake (D:7)
  A hound (D:5)
  3 gnoll boudas
  6 orc priests
  4 jellies
  Terence (D:2)
  Natasha (thrice) (D:2)
  6 iguanas
  14 orc wizards
  34 gnolls
  7 adders
  A shadow imp (D:7)
  A white imp (D:5)
  An ufetubus (D:5)
  4 worms
  A dart slug (D:3)
  54 orcs
  6 ball pythons
  7 endoplasms
  4 giant cockroaches
  17 goblins
  12 hobgoblins
  9 jackals
  2 quokkas (D:2)
  2 bats
  A frilled lizard (D:1)
  37 kobolds
  An orc zombie (D:11)
  3 rats (D:1)
332 creatures vanquished.

Vanquished Creatures (others)
  A howler monkey (D:9)
  2 plants (D:11)
3 creatures vanquished.

Grand Total: 335 creatures vanquished

Notes
Turn   | Place    | Note
-------+----------+-------------------------------------------
     0 | D:1      | BlackCrag the Deep Elf Earth Elementalist began the quest
                  | for the Orb.
     0 | D:1      | Reached XP level 1. HP: 10/10 MP: 6/6
   185 | D:1      | Reached XP level 2. HP: 8/15 MP: 0/8
   417 | D:1      | Learned a level 2 spell: Passwall
   518 | D:1      | Found a faded altar of an unknown god.
   992 | D:2      | Reached XP level 3. HP: 19/19 MP: 8/10
   996 | D:2      | Learned a level 3 spell: Stone Arrow
  1199 | D:2      | Noticed Terence
  1464 | D:2      | Noticed Natasha
  1465 | D:2      | Killed Natasha
  1466 | D:2      | Reached skill level 4 in Spellcasting
  1466 | D:2      | Reached XP level 4. HP: 24/24 MP: 7/12
  1575 | D:2      | Noticed Natasha
  1578 | D:2      | Killed Natasha
  1685 | D:2      | Reached skill level 1 in Conjurations
  1699 | D:2      | Killed Terence
  1700 | D:2      | Reached skill level 5 in Earth Magic
  1794 | D:2      | Reached skill level 5 in Spellcasting
  1838 | D:2      | Noticed Natasha
  1841 | D:2      | Killed Natasha
  1842 | D:2      | Reached XP level 5. HP: 22/28 MP: 9/14
  2042 | D:2      | Learned a level 4 spell: Petrify
  2359 | D:3      | Reached skill level 6 in Spellcasting
  2462 | D:3      | Reached XP level 6. HP: 32/32 MP: 13/17
  2510 | D:3      | Found a sacrificial altar of Ru.
  2685 | D:3      | Found an ornate altar of the Wu Jian Council.
  2829 | D:3      | Found an opulent altar of Gozag.
  2830 | D:3      | Found a hide-covered altar of Uskayaw.
  3313 | D:4      | Found a staircase to the Ecumenical Temple.
  3320 | D:4      | Reached skill level 7 in Spellcasting
  3320 | D:4      | Reached XP level 7. HP: 36/36 MP: 2/19
  3428 | Temple   | Entered the Ecumenical Temple
  3466 | Temple   | Became a worshipper of Sif Muna the Loreminder
  4306 | D:5      | Entered Level 5 of the Dungeon
  4552 | D:5      | Reached * piety under Sif Muna
  4855 | D:5      | Noticed Prince Ribbit
  4898 | D:5      | Killed Prince Ribbit
  4899 | D:5      | Reached skill level 8 in Spellcasting
  4899 | D:5      | Reached XP level 8. HP: 23/41 MP: 6/22
  5329 | D:5      | Found an iron altar of Okawaru.
  5940 | D:6      | Reached skill level 9 in Spellcasting
  6375 | D:6      | Learned a level 3 spell: Swiftness
  6414 | D:6      | Reached ** piety under Sif Muna
  6576 | D:6      | Found a basalt altar of Yredelemnul.
  6716 | D:6      | Reached skill level 10 in Spellcasting
  6897 | D:6      | Reached XP level 9. HP: 45/45 MP: 18/25
  6900 | D:6      | Reached skill level 5 in Conjurations
  7915 | D:7      | Reached skill level 11 in Spellcasting
  8152 | D:7      | Found an ancient bone altar of Kikubaaqudgha.
  8319 | D:7      | Found Ofraidurch's Assorted Antiques.
  8621 | D:8      | Found a stormy altar of Qazlal.
  8970 | D:8      | Reached skill level 10 in Earth Magic
  9104 | D:8      | Reached *** piety under Sif Muna
  9187 | D:8      | Noticed a two-headed ogre
  9200 | D:8      | Killed a two-headed ogre
  9201 | D:8      | Reached skill level 12 in Spellcasting
  9201 | D:8      | Reached XP level 10. HP: 50/50 MP: 5/28
  9317 | D:8      | Paralysed by a hornet for 1 turns
 10163 | D:9      | Found a shimmering altar of Xom.
 10307 | D:9      | Found a burning altar of Makhleb.
 10313 | D:9      | Noticed a two-headed ogre
 10320 | D:9      | Killed a two-headed ogre
 10321 | D:9      | Reached skill level 1 in Air Magic
 10524 | D:9      | Reached skill level 13 in Spellcasting
 10760 | D:9      | Found a flagged portal.
 10770 | Bailey   | Entered a bailey
 10930 | Bailey   | Learned a level 3 spell: Swiftness
 11218 | Bailey   | Noticed an orange demon
 11473 | Bailey   | Reached **** piety under Sif Muna
 11731 | Bailey   | Found an iron altar of Okawaru.
 11731 | Bailey   | Noticed an orc sorcerer
 11741 | Bailey   | Killed an orc sorcerer
 11968 | Bailey   | Identified the +8 chain mail of the Sun {rElec rC+++ Int-3
                  | Dex+4}
 12064 | Bailey   | Reached XP level 11. HP: 46/54 MP: 17/30
 12977 | D:9      | Found a white marble altar of Elyvilon.
 13145 | D:10     | Entered Level 10 of the Dungeon
 13580 | D:10     | Noticed a two-headed ogre
 13601 | D:10     | Killed a two-headed ogre
 13602 | D:10     | Reached skill level 14 in Spellcasting
 13790 | D:10     | Noticed a two-headed ogre
 13799 | D:10     | Killed a two-headed ogre
 13877 | D:10     | Acquired a staff of earth
 14576 | D:10     | Found a bloodstained altar of Trog.
 15126 | D:11     | Found Tappavaf's Changing Room.
 15156 | D:11     | Reached skill level 1 in Invocations
 15517 | D:11     | Noticed a boulder beetle
 15817 | D:11     | Slain by a boulder beetle

Illustrated notes

Levels and vault maps discovered:
D:1:      dpeg_arrival_arbitrary_a, layout_rooms,
          hellmonk_ecumenical_altar_leap_of_faith, columned_hall_lemuel
D:2:      layout_loops_cross, grunt_ministairs_6, uniq_terence, uniq_natasha
D:3:      layout_rooms, lemuel_crystal_altar,
          mainiacjoe_overflow_small_starburst, lemuel_round_altar,
          nicolae_wu_jian_immortal_techniques
D:4:      kennysheep_spiral_hall, layout_loops_ring,
          minmay_temple_entry_crystal_x, grunt_tough_drop
D:5:      layout_cave_pools, okawaru_gym_becter, uniq_prince_ribbit1
D:6:      layout_loops_ring, nicolae_overflow_hidden_temple
D:7:      layout_loops_cross, amcnicky_altar_gilded, serial_shops,
          nicolae_take_the_stairs, serial_park_tiny_2, nicolae_lava_and_water
D:8:      layout_loops_ring, old_standard_altar, chequers_garden
D:9:      layout_loops_cross, xom_confusion_cloud, marbit_many_paths,
          bloody_makhleb, enter_bailey_7
D:10:     layout_basic, lemuel_crystal_altar, minivault_16
D:11:     layout_rooms, erik_lair_orcish_takeover, zombieorc2_lemuel,
          nicolae_transmutations_shop, minmay_misc_feat_ornament, uniq_maurice
Temple:   compressed_dpeg_circular_temple

Skill      XL: |  1  2  3  4  5  6  7  8  9 10 11 |
---------------+----------------------------------+-----
Earth Magic    | 4 5 6 7 8 10 11 13 | 13.0
Spellcasting   | 4 5 6 7 8 10 12 13 14 | 14.3
Conjurations   | 1 2 3 4 7 8 9 |  9.5
Stealth        | 3 4 |  4.5
Transmutations | 3 |  3.8
Air Magic      | 1 |  1.3
Invocations    | 1 |  1.2
Dodging        | |  2.6
Evocations     | |  0.1

Action                   |  1- 3 |  4- 6 |  7- 9 | 10-12 || total
-------------------------+-------+-------+-------+-------++-------
Melee: Unarmed           |     1 |       |       |       ||     1
       Dagger            |       |       |     1 |       ||     1
 Cast: Sandblast         |    43 |    33 |    26 |    29 ||   131
       Passwall          |     5 |     5 |     8 |     4 ||    22
       Stone Arrow       |     1 |    32 |   168 |   199 ||   400
       Petrify           |       |       |    16 |    25 ||    41
       Swiftness         |       |       |     1 |     2 ||     3
Invok: Channel Magic     |       |       |     1 |     1 ||     2
Evoke: Wand              |       |       |       |     8 ||     8
  Use: Scroll            |     1 |     1 |     3 |     9 ||    14
       Potion            |       |       |       |     2 ||     2
Armor: Robe              |     3 |       |     3 |     6 ||    12
Dodge: Dodged            |    17 |     4 |    11 |    23 ||    55
